 Dungeon Crawl Stone Soup version 0.25-a0-55-g0753fd1ad2 (webtiles) character file.

Game seed: 5184330246866843943, levelgen mode: deterministic

51 Gumption the Insei (level 3, -1/24 HPs)
             Began as an Octopode Transmuter on Oct 25, 2019.
             Killed from afar by Robin (13 damage)
             ... with a puff of flame
             ... on level 2 of the Dungeon.
             The game lasted 00:23:18 (2349 turns).

Gumption the Insei (Octopode Transmuter)            Turns: 2349, Time: 00:23:18

Health: -1/24      AC:  1    Str:  9    XL:     3   Next: 81%
Magic:  5/6        EV: 18    Int: 19    God:
Gold:   114        SH:  7    Dex: 18    Spells: 0/6 levels left

rFire    . . .     SeeInvis .   a - +0 dagger
rCold    . . .     Gourm    .   k - +3 buckler
rNeg     . . .     Faith    .   (helmet restricted)
rPois    .         Spirit   .   (no amulet)
rElec    .         Reflect  .   b - +4 ring of intelligence
rCorr    .         Harm     .   (no ring)
MR       .....                  (no ring)
Stlth    ++++......             (no ring)
HPRegen  0.08/turn              (no ring)
MPRegen  0.10/turn              (no ring)
                                (no ring)
                                (no ring)

@: agile, appendage (expiring)
A: almost no armour, stealthy swim, amphibious, 8 rings, constrict 8, tentacle
spike 3, camouflage 1, gelatinous body 1
a: End Transformation


You were on level 2 of the Dungeon.
You were near starving.
One of your tentacles had a temporary spike.
You visited 1 branch of the dungeon, and saw 2 of its levels.

You collected 114 gold pieces.

Inventory:

Hand Weapons
 a - a +0 dagger (weapon)
Missiles
 d - 19 arrows
 g - 17 stones (quivered)
Armour
 k - a +3 buckler (worn)
Jewellery
 b - a +4 ring of intelligence (left tentacle)
 l - a cursed ring of teleportation {unknown}
Scrolls
 c - a scroll of teleportation
 f - a scroll of enchant armour
 h - a scroll of remove curse {unknown}
 m - a scroll of fog {unknown}
Potions
 i - a potion of agility
 j - 2 potions of cancellation
Comestibles
 e - 2 rations


   Skills:
 + Level 1.6 Fighting
 + Level 2.4 Dodging
 + Level 1.9 Stealth
 + Level 0.4 Shields
 - Level 3.0 Unarmed Combat
 + Level 2.3 Spellcasting
 + Level 2.4 Transmutations


You couldn't memorise any spells.
You knew the following spells:

 Your Spells              Type           Power        Failure   Level  Hunger
a - Beastly Appendage     Tmut           ##....       10%         1    #......
b - Sticks to Snakes      Tmut           ##......     14%         2    ##.....
c - Spider Form           Tmut/Pois      #.........   43%         3    ###....

Your spell library contained the following spells:

 Spells                   Type           Power        Failure   Level  Hunger
 Ice Form                 Ice/Tmut       #.......     83%         4    #####..
 Blade Hands              Tmut           ##........   95%         5    ######.


Dungeon Overview and Level Annotations

Branches:
Dungeon (2/15)

Altars:
Ashenzari
Gozag

Annotations:
D:2 Robin


Innate Abilities, Weirdness & Mutations

You cannot wear most types of armour.
You are very stealthy in the water. (Stealth+)
You are amphibious.
You can wear up to eight rings at the same time.
You can use your tentacles to constrict eight enemies at once.
Your skin changes colour to match your surroundings (Stealth+).
Your rubbery body absorbs attacks. (AC +1, EV +1)
One of your tentacles bears a large vicious spike.


Message History

You see here a stone.
Robin laughs in a distinctly smug fashion.
Robin roars a battlecry!
You hear a shout!
Casting: Beastly Appendage (safe; 10% risk of failure)
Confirm with . or Enter, or press ? or * to list all spells.
One of your tentacles grows a vicious spike.
The goblin misses you.
You hit the goblin but do no damage. You grab the goblin.
You squeeze the goblin.
You kill the goblin!
You hit the goblin.
You kill the goblin!
You feel agile all of a sudden.
You hit the hobgoblin. You grab the hobgoblin.
You pierce the hobgoblin.
You kill the hobgoblin!
Your transformation is almost over.
Robin zaps a wand.
The puff of flame hits you!
Ouch! That really hurt!
You die...

#..#..#...#..........# #######
##.#..#####.#####.#..#
......####g..................#
..........g.(...............>#
#####.#####.g####.#.....#...##
### #.# ##.## #.#...#.#...#
..# #.# #..# #.#.....#...# #.#
#.# ####g###.#....<....# #.#
#.# #...gg)@.......#..## #.#
#.# #.###.##.#.....#..# #.#
#.# #.# #..#.#...#.# .# #.#
#.# #.# ##.#.#.....# .# #.#
#.# #.# #.#.#...#.#.[# #.# #)#
#.# #...#...#.#.. #.# #.# #.#
##..#......# ..# #.# #.#
#..#..##..# ### #.# #.#
##.#......#.


You could see Robin, a hobgoblin and a goblin.

Vanquished Creatures
  2 adders (D:2)
  2 dart slugs
  3 bats (D:1)
  3 giant cockroaches
  6 goblins
  3 hobgoblins
  5 kobolds
  A frilled lizard (D:2)
  3 rats (D:1)
28 creatures vanquished.

Notes
Turn   | Place    | Note
-------+----------+-------------------------------------------
     0 | D:1      | Gumption the Octopode Transmuter began the quest for the
                  | Orb.
     0 | D:1      | Reached XP level 1. HP: 13/13 MP: 3/3
   415 | D:1      | Reached XP level 2. HP: 9/18 MP: 3/5
   581 | D:1      | Reached skill level 1 in Stealth
   716 | D:1      | Learned a level 2 spell: Sticks to Snakes
  1322 | D:2      | Reached XP level 3. HP: 22/23 MP: 4/6
  1709 | D:2      | Found a shattered altar of Ashenzari.
  1711 | D:2      | Noticed Robin
  1862 | D:2      | Found an opulent altar of Gozag.
  2177 | D:2      | Learned a level 3 spell: Spider Form
  2349 | D:2      | Killed from afar by Robin

Levels and vault maps discovered:
D:1:      sevenhm_arrival_forest_fort_small_6, layout_basic
D:2:      layout_basic, evilmike_ruin_ashenzari, marbit_many_paths,
          nicolae_gozag_cash_rules_everything_around_me, uniq_robin

Table legend:
 A = Non-vault XP
 B = Vault XP
 C = Vault XP percentage of total XP
 D = Non-vault monster count
 E = Vault monster count
 F = Vault count percentage of total count
                 A         B        C        D         E       F
            +---------+---------+-------+---------+---------+-------
      Total |      63 |      10 |  13.7 |      23 |       5 |  17.9
            +---------+---------+-------+---------+---------+-------
        D:1 |      29 |       4 |  12.1 |      17 |       2 |  10.5
        D:2 |      34 |       6 |  15.0 |       6 |       3 |  33.3
            +---------+---------+-------+---------+---------+-------
